[Event "Condigne Dutch Open 2016"]
[Site "dieren"]
[Date "2016.08.01"]
[Round "6"]
[White "Pruijssers, Roeland"]
[Black "Hausrath, Daniel"]
[Result "1-0"]
[ECO "B30"]
[WhiteElo "2463"]
[BlackElo "2483"]
[PlyCount "221"]
[EventDate "2016.07.27"]
[EventCountry "NED"]
[TimeControl "6000+1370"]
[WhiteClock "0:08:15"]
[BlackClock "0:07:13"]

1. e4 c5 2. Nf3 Nc6 3. Bb5 Qc7 4. O-O a6 5. Bxc6 dxc6 6. d3 e5 7. h3 f6 8. Be3
Be6 9. a4 a5 10. Na3 Bd6 11. Nd2 Ne7 12. Nac4 b6 13. c3 Ng6 14. b4 cxb4 15.
Bxb6 Qe7 16. Bxa5 bxc3 17. Bxc3 Nf4 18. d4 exd4 19. Bxd4 Bc7 20. Qf3 O-O 21.
Be3 Ng6 22. a5 Qf7 23. Qe2 Nf4 24. Bxf4 Bxf4 25. Nb6 Ra7 26. Ndc4 Qg6 27. Qf3
Bc7 28. Qe3 Ra6 29. f4 Qf7 30. Qc5 Re8 31. Nd6 Qe7 32. e5 fxe5 33. fxe5 Rb8 34.
Qxc6 Qd8 35. Ndc4 Qd4+ 36. Kh1 Qxc4 37. Qxc4 Bxc4 38. Nxc4 Rb4 39. Nd6 h6 40.
Rfc1 Bxd6 41. exd6 Rd4 42. Rc8+ Kh7 43. Rd8 h5 44. Kg1 Rd2 45. Kf1 Kg6 46. Ra3
Rc6 47. Kg1 h4 48. Ra4 Rcc2 49. Rg4+ Kf7 50. Kh2 g6 51. a6 Ra2 52. Rd7+ Kf6 53.
a7 g5 54. Rh7 Rd1 55. Rh6+ Kf5 56. Rh5 Kf6 57. Rh6+ Kf5 58. Rh5 Kf6 59. d7 Raa1
60. d8=Q+ Rxd8 61. a8=Q Rdxa8 62. Rhxg5 R8a4 63. Rg6+ Kf7 64. Rg7+ Kf6 65.
R7g6+ Kf7 66. Rg7+ Kf6 67. Rg8 Kf7 68. R4g7+ Kf6 69. Rg6+ Kf5 70. Rg4 Kf6 71.
Rf8+ Ke5 72. Rg5+ Ke6 73. Rg6+ Ke5 74. Rh8 Rf1 75. Re8+ Kf5 76. Rgg8 Raa1 77.
Ref8+ Ke5 78. Rg5+ Ke4 79. Rg4+ Ke5 80. Rxf1 Rxf1 81. Rxh4 Kf5 82. Kg3 Ra1 83.
Rf4+ Kg6 84. Kg4 Ra2 85. g3 Ra6 86. Rb4 Kh6 87. h4 Rg6+ 88. Kf4 Rf6+ 89. Ke5
Ra6 90. g4 Ra5+ 91. Kf4 Ra6 92. Rc4 Rb6 93. Ra4 Rc6 94. h5 Rb6 95. Kg3 Kg5 96.
Ra5+ Kh6 97. Kh4 Rb7 98. g5+ Kh7 99. h6 Rb1 100. Ra7+ Kh8 101. Kh5 Rb5 102. Rf7
Ra5 103. Kg6 Ra6+ 104. Rf6 Ra8 105. Rb6 Rc8 106. Kf5 Ra8 107. g6 Ra5+ 108. Ke6
Ra8 109. Rd6 Re8+ 110. Kf7 Rf8+ 111. Ke7 1-0

[Event "Condigne Dutch Open 2016"]
[Site "dieren"]
[Date "2016.08.01"]
[Round "6"]
[White "Kiremitciyan, Ari"]
[Black "Khenkin, Igor"]
[Result "0-1"]
[ECO "A09"]
[WhiteElo "2071"]
[BlackElo "2553"]
[PlyCount "34"]
[EventDate "2016.07.27"]
[EventCountry "NED"]
[TimeControl "6000+1535"]
[WhiteClock "0:32:30"]
[BlackClock "0:26:40"]

1. Nf3 d5 2. c4 d4 3. e3 Nc6 4. exd4 Nxd4 5. Nxd4 Qxd4 6. Nc3 c6 7. d3 Nh6 8.
Be2 Nf5 9. g4 Nh4 10. O-O h5 11. Be3 Qd6 12. c5 Qe6 13. h3 hxg4 14. hxg4 Qe5
15. Re1 Nf5 16. Bf3 Qh2+ 17. Kf1 Nh4 0-1

[Event "Condigne Dutch Open 2016"]
[Site "dieren"]
[Date "2016.08.01"]
[Round "6"]
[White "Beerdsen, Thomas"]
[Black "Sahil, Tickoo"]
[Result "1-0"]
[ECO "B99"]
[WhiteElo "2414"]
[BlackElo "2016"]
[PlyCount "123"]
[EventDate "2016.07.27"]
[EventCountry "NED"]
[TimeControl "6000+1765"]
[WhiteClock "0:42:56"]
[BlackClock "0:03:31"]

1. e4 c5 2. Nf3 d6 3. d4 cxd4 4. Nxd4 Nf6 5. Nc3 a6 6. Bg5 e6 7. f4 Be7 8. Qf3
Qc7 9. O-O-O Nbd7 10. f5 e5 11. Nde2 b5 12. Bxf6 Nxf6 13. Nd5 Nxd5 14. exd5 Bd7
15. Ng3 Qb6 16. Kb1 f6 17. Nh5 Rg8 18. g4 O-O-O 19. c4 Kb8 20. cxb5 Ka7 21. Rd3
Rb8 22. Ra3 Bxb5 23. Bxb5 Qxb5 24. Rb3 Qa5 25. Rxb8 Rxb8 26. Nxg7 Qd2 27. b3
Rc8 28. Qd1 Qc3 29. Rf1 Bd8 30. Ne6 Bb6 31. g5 Bd4 32. Nxd4 exd4 33. Rf3 Qc5
34. Rf4 Re8 35. gxf6 d3 36. f7 Rf8 37. Qxd3 Rxf7 38. Kb2 Rc7 39. Qd4 Qxd4+ 40.
Rxd4 Rf7 41. Rf4 Kb6 42. b4 a5 43. a3 Kb5 44. Kb3 Rf6 45. Rf3 h6 46. Rf4 h5 47.
h4 Kb6 48. Ka4 Ka6 49. bxa5 Rf7 50. f6 Rf8 51. Rc4 Rxf6 52. Rc6+ Kb7 53. a6+
Ka7 54. Kb5 Rf3 55. Rc7+ Ka8 56. a4 Rf4 57. Rc4 Rf8 58. Kb6 Kb8 59. Rb4 Rc8 60.
a7+ Ka8 61. Ka6 Rc6+ 62. dxc6 1-0

[Event "Condigne Dutch Open 2016"]
[Site "dieren"]
[Date "2016.08.01"]
[Round "6"]
[White "Gerlagh, Joris"]
[Black "Beukema, Stefan"]
[Result "0-1"]
[ECO "A80"]
[WhiteElo "2172"]
[BlackElo "2355"]
[PlyCount "258"]
[EventDate "2016.07.27"]
[EventCountry "NED"]
[TimeControl "6000+1775"]
[WhiteClock "0:01:49"]
[BlackClock "0:03:38"]

1. d4 f5 2. Nc3 Nf6 3. Bg5 d5 4. f3 c5 5. e4 cxd4 6. Qxd4 Nc6 7. Bb5 dxe4 8.
Qxd8+ Kxd8 9. O-O-O+ Ke8 10. fxe4 a6 11. Bxc6+ bxc6 12. Nf3 h6 13. Bxf6 gxf6
14. Nd4 fxe4 15. Nxe4 Rg8 16. g3 Kf7 17. Rhe1 Bg4 18. Rd3 Rc8 19. Nb3 h5 20.
Nbc5 a5 21. Kd2 Bh6+ 22. Kc3 Rgd8 23. Nb7 Rd5 24. Nec5 Rc7 25. Nd8+ Ke8 26.
Nde6 Rc8 27. a3 Kf7 28. b4 axb4+ 29. axb4 Rb8 30. Rxd5 cxd5 31. Nf4 d4+ 32. Kc4
e5 33. Nfd3 Bd2 34. Ra1 Bf3 35. Ra7+ Kg6 36. Ra6 Re8 37. Nd7 e4 38. Rxf6+ Kg7
39. Kxd4 Bg4 40. N3e5 Bxd7 41. Rf7+ Kg8 42. Rxd7 e3 43. Rd5 e2 44. Nf3 Re3 45.
Re5 Rxf3 46. Rxe2 Bxb4 47. c4 Rf5 48. Ke4 Rc5 49. Kd4 Rg5 50. Rb2 Bc5+ 51. Ke4
Kf7 52. Rd2 Rg4+ 53. Kd5 Bg1 54. Rg2 Rg5+ 55. Ke4 Bc5 56. Rd2 Kg6 57. Kf3 Rg4
58. Rc2 Rd4 59. Rc3 Rd2 60. h3 Rh2 61. Ke4 Rxh3 62. Kd5 Bb4 63. Re3 Rh1 64. c5
Rc1 65. Re6+ Kf7 66. Rc6 Rc3 67. Rc7+ Kg6 68. c6 Rxg3 69. Rb7 Ba5 70. Ra7 h4
71. Ke4 Be1 72. Ra1 Bf2 73. Rc1 Re3+ 74. Kf4 Re8 75. Kg4 Rc8 76. Rc2 Bg3 77.
Rc4 Kf6 78. Rc2 Rc7 79. Rc4 Ke5 80. Rc2 Ke4 81. Kh3 Kd3 82. Rc1 Bf2 83. Kg4 Ke2
84. Rc2+ Ke3 85. Rc3+ Kd4 86. Rc2 Bg3 87. Kh3 Ke4 88. Rc4+ Kf5 89. Rc2 Bf4 90.
Rc5+ Be5 91. Rc4 Rg7 92. Rxh4 Rg1 93. Rh5+ Kf6 94. c7 Bxc7 95. Rh4 Kf5 96. Rh5+
Kf4 97. Rb5 Be5 98. Rb4+ Kf5 99. Rb3 Rg8 100. Ra3 Bf4 101. Rb3 Ke4 102. Kh4 Be3
103. Rb5 Bd4 104. Ra5 Be5 105. Ra3 Kf5 106. Kh3 Rh8+ 107. Kg2 Rh2+ 108. Kf1 Ke4
109. Ra8 Bf4 110. Ke1 Kf3 111. Kd1 Rd2+ 112. Ke1 Rd3 113. Ra1 Be3 114. Rb1 Rd2
115. Rb7 Rd8 116. Rb2 Rc8 117. Rb1 Rc2 118. Kd1 Ra2 119. Rb7 Rd2+ 120. Ke1 Rd6
121. Rb2 Rd8 122. Rh2 Rc8 123. Rh3+ Ke4 124. Rh7 Kd3 125. Kf1 Rg8 126. Rh1 Kd2
127. Rh2+ Kd1 128. Rh1 Rg7 129. Rg1 Rxg1# 0-1

[Event "Condigne Dutch Open 2016"]
[Site "dieren"]
[Date "2016.08.01"]
[Round "6"]
[White "Milov, Leonid"]
[Black "Debashis, Das"]
[Result "0-1"]
[ECO "B90"]
[WhiteElo "2430"]
[BlackElo "2451"]
[PlyCount "96"]
[EventDate "2016.07.27"]
[EventCountry "NED"]
[TimeControl "6000+1220"]
[WhiteClock "0:08:36"]
[BlackClock "0:11:44"]

1. e4 c5 2. Nf3 d6 3. d4 cxd4 4. Nxd4 Nf6 5. Nc3 a6 6. Be3 e5 7. Nb3 Be6 8. h3
Nc6 9. Nd5 Bxd5 10. exd5 Ne7 11. c4 g6 12. g4 Bg7 13. Bg2 b6 14. O-O h5 15. Bf3
hxg4 16. hxg4 Nd7 17. Kg2 O-O 18. Be2 f5 19. f3 Nf6 20. Bg5 Qd7 21. Qd2 Rf7 22.
Bxf6 Bxf6 23. a4 g5 24. a5 Ng6 25. axb6 Nf4+ 26. Kf2 e4 27. fxe4 Re8 28. gxf5
Rxe4 29. Bg4 Rxc4 30. Rac1 Rxc1 31. Nxc1 Qb5 32. Ne2 Qxb6+ 33. Kf3 Qb3+ 34. Kf2
Nd3+ 35. Kg1 Ne5 36. Bh5 Rh7 37. Bg6 Rh3 38. Nc3 Qc4 39. Qg2 Rh4 40. Qe2 Qd4+
41. Kg2 Kg7 42. Rh1 Rg4+ 43. Kf1 Kg8 44. Bh5 Qf4+ 45. Ke1 Qc1+ 46. Nd1 Rd4 47.
Rh3 g4 48. Rc3 Bh4+ 0-1

[Event "Condigne Dutch Open 2016"]
[Site "dieren"]
[Date "2016.08.01"]
[Round "6"]
[White "Schoppen, Casper"]
[Black "Maris, Ivo"]
[Result "1/2-1/2"]
[ECO "A24"]
[WhiteElo "2298"]
[BlackElo "2370"]
[PlyCount "78"]
[EventDate "2016.07.27"]
[EventCountry "NED"]
[TimeControl "6000+980"]
[WhiteClock "0:07:25"]
[BlackClock "0:31:15"]

1. Nf3 g6 2. c4 Bg7 3. g3 Nf6 4. Bg2 O-O 5. O-O d6 6. Nc3 e5 7. d3 h6 8. Rb1
Re8 9. Nd2 c6 10. b4 d5 11. Bb2 d4 12. Na4 Bf5 13. Nc5 Qc7 14. Qc2 Nbd7 15.
Nde4 Rad8 16. Qa4 Nxe4 17. Nxe4 Be6 18. c5 Bf8 19. f4 f5 20. Nd6 Bxd6 21. cxd6
Qxd6 22. Qxa7 Bd5 23. fxe5 Nxe5 24. Qxd4 Bxg2 25. Qxd6 Rxd6 26. Kxg2 Ng4 27.
Rfe1 Rde6 28. e4 fxe4 29. h3 Ne5 30. Bxe5 Rxe5 31. dxe4 Rxe4 32. Rxe4 Rxe4 33.
Kf3 Rc4 34. b5 Rc3+ 35. Kf4 g5+ 36. Kf5 Kg7 37. bxc6 Rc5+ 38. Ke4 bxc6 39. Rb3
Rc2 1/2-1/2

[Event "Condigne Dutch Open 2016"]
[Site "dieren"]
[Date "2016.08.02"]
[Round "7"]
[White "Sandipan, Chanda"]
[Black "Pruijssers, Roeland"]
[Result "1-0"]
[ECO "C65"]
[WhiteElo "2568"]
[BlackElo "2463"]
[PlyCount "67"]
[EventDate "2016.07.27"]
[EventCountry "NED"]
[TimeControl "6000+1650"]
[WhiteClock "0:33:10"]
[BlackClock "0:02:16"]

1. e4 e5 2. Nf3 Nc6 3. Bb5 Nf6 4. O-O Bc5 5. Bxc6 dxc6 6. d3 Nd7 7. Nbd2 O-O 8.
a3 a5 9. Nc4 Re8 10. Bd2 a4 11. Bb4 Ba7 12. Bc3 f6 13. Nh4 Nf8 14. Kh1 Ng6 15.
Qh5 Nf4 16. Qf3 Be6 17. Ne3 Qd7 18. Nhf5 Kh8 19. h4 g6 20. Ng4 gxf5 21. Nxf6
Qg7 22. Bxe5 Ng6 23. Bc3 Bd4 24. Bxd4 Rf8 25. h5 Ne7 26. h6 Qxh6+ 27. Nh5+ Kg8
28. Bg7 Qg6 29. Bxf8 Rxf8 30. Qg3 fxe4 31. dxe4 Bg4 32. Nf4 Qg7 33. f3 Qh6+ 34.
Nh3 1-0

[Event "Condigne Dutch Open 2016"]
[Site "dieren"]
[Date "2016.08.02"]
[Round "7"]
[White "Khenkin, Igor"]
[Black "Sagar, Shah"]
[Result "1/2-1/2"]
[ECO "E14"]
[WhiteElo "2553"]
[BlackElo "2433"]
[PlyCount "37"]
[EventDate "2016.07.27"]
[EventCountry "NED"]
[TimeControl "6000+1825"]
[WhiteClock "0:20:41"]
[BlackClock "0:47:25"]

1. d4 Nf6 2. c4 e6 3. Nf3 d5 4. e3 Be7 5. b3 O-O 6. Bb2 c5 7. Bd3 Nc6 8. O-O
cxd4 9. exd4 b6 10. Nbd2 Bb7 11. Rc1 Rc8 12. Qe2 Re8 13. Rfd1 Bf8 14. h3 g6 15.
Qe3 Bg7 16. Ne5 Re7 17. f4 Rec7 18. Ndf3 Ba6 19. g4 1/2-1/2

[Event "Condigne Dutch Open 2016"]
[Site "dieren"]
[Date "2016.08.02"]
[Round "7"]
[White "Ikonnikov, Vyacheslav"]
[Black "Beerdsen, Thomas"]
[Result "1/2-1/2"]
[ECO "E11"]
[WhiteElo "2538"]
[BlackElo "2414"]
[PlyCount "75"]
[EventDate "2016.07.27"]
[EventCountry "NED"]
[TimeControl "6000+1620"]
[WhiteClock "0:06:33"]
[BlackClock "0:16:11"]

1. d4 Nf6 2. Nf3 e6 3. c4 Bb4+ 4. Bd2 c5 5. Bxb4 cxb4 6. g4 d5 7. Nbd2 Nc6 8.
e3 O-O 9. g5 Ne4 10. Rg1 f5 11. h4 Bd7 12. Ne5 Nxe5 13. dxe5 Qc7 14. Nxe4 dxe4
15. Qd6 Qxd6 16. exd6 Rac8 17. O-O-O Rfd8 18. Rd2 Rc5 19. b3 g6 20. Be2 e5 21.
Kb2 Be6 22. a3 a5 23. axb4 axb4 24. Ra1 Rc6 25. Ra5 Rcxd6 26. Rxd6 Rxd6 27. Kc1
Ra6 28. Rxe5 Ra1+ 29. Kd2 Ra2+ 30. Ke1 Ra1+ 31. Bd1 Bd7 32. Re7 Bc6 33. Kd2
Ra2+ 34. Bc2 Ra1 35. Bd1 Ra2+ 36. Bc2 Ra1 37. Bd1 Ra2+ 38. Bc2 1/2-1/2

[Event "Condigne Dutch Open 2016"]
[Site "dieren"]
[Date "2016.08.02"]
[Round "7"]
[White "Beukema, Stefan"]
[Black "Horvath, Csaba"]
[Result "0-1"]
[ECO "B01"]
[WhiteElo "2355"]
[BlackElo "2520"]
[PlyCount "84"]
[EventDate "2016.07.27"]
[EventCountry "NED"]
[TimeControl "6000+995"]
[WhiteClock "0:00:57"]
[BlackClock "0:02:12"]

1. e4 d5 2. exd5 Qxd5 3. Nc3 Qd6 4. d4 Nf6 5. Bd3 g6 6. Nge2 Bg7 7. Bf4 Qb6 8.
Qd2 O-O 9. h4 h5 10. f3 Nc6 11. Bc4 Rd8 12. Na4 Qb4 13. Qxb4 Nxb4 14. Bb3 Be6
15. O-O-O Bxb3 16. axb3 b6 17. c4 Nd7 18. Be3 e6 19. Nec3 c6 20. Ne4 b5 21.
Nac5 Nb6 22. Nb7 Rdb8 23. Na5 bxc4 24. bxc4 Nd7 25. b3 Rb6 26. Kd2 Ra6 27. Ra1
c5 28. Nb7 cxd4 29. Bf4 Rb6 30. Nbc5 Nxc5 31. Nxc5 Rc8 32. Na4 Rb7 33. Rhe1 d3
34. Rab1 Nc2 35. Rec1 Na3 36. Kxd3 Rd8+ 37. Ke2 Nxb1 38. Rxb1 Rd4 39. Nc5 Rb6
40. Be3 Rxc4 41. Nxe6 Rc2+ 42. Kd1 Rxe6 0-1

[Event "Condigne Dutch Open 2016"]
[Site "dieren"]
[Date "2016.08.02"]
[Round "7"]
[White "De Jong, Migchiel"]
[Black "Reinderman, Dimitri"]
[Result "1/2-1/2"]
[ECO "A04"]
[WhiteElo "2342"]
[BlackElo "2584"]
[PlyCount "58"]
[EventDate "2016.07.27"]
[EventCountry "NED"]
[TimeControl "6000+1305"]
[WhiteClock "0:50:21"]
[BlackClock "0:11:15"]

1. Nf3 f5 2. d3 d6 3. e4 e5 4. Nc3 Nf6 5. Bg5 Be7 6. exf5 Bxf5 7. d4 Nbd7 8.
dxe5 Nxe5 9. Nxe5 dxe5 10. Qf3 Bxc2 11. Qxb7 O-O 12. Bc4+ Kh8 13. O-O Rb8 14.
Qxa7 Rxb2 15. Rac1 Qd4 16. Qxd4 exd4 17. Nd1 Bxd1 18. Rcxd1 Bc5 19. Bc1 Rb1 20.
Bf4 Rxd1 21. Rxd1 Ne4 22. g3 Nxf2 23. Kxf2 g5 24. Kf3 gxf4 25. gxf4 Re8 26. Rd3
Re1 27. Kg4 Rh1 28. Rh3 Kg7 29. Kf5 Bd6 1/2-1/2

[Event "Condigne Dutch Open 2016"]
[Site "dieren"]
[Date "2016.08.02"]
[Round "7"]
[White "Maatman, Nick"]
[Black "Geurink, Jasper"]
[Result "1-0"]
[ECO "C06"]
[WhiteElo "2314"]
[BlackElo "2359"]
[PlyCount "87"]
[EventDate "2016.07.27"]
[EventCountry "NED"]
[TimeControl "6000+1165"]
[WhiteClock "0:27:32"]
[BlackClock "0:15:33"]

1. e4 e6 2. d4 d5 3. Nd2 Nf6 4. e5 Nfd7 5. Bd3 c5 6. c3 Nc6 7. Ngf3 g6 8. h4 h6
9. Bc2 b6 10. a3 cxd4 11. cxd4 a5 12. Ba4 b5 13. Bxb5 Qb6 14. Qa4 Na7 15. Be2
Ba6 16. Bxa6 Qxa6 17. Nb1 O-O-O 18. Bd2 Nc6 19. Nc3 Kb7 20. b4 axb4 21. Qxa6+
Kxa6 22. axb4+ Kb7 23. b5 Na7 24. Ke2 Nb6 25. Rhb1 Be7 26. Ne1 Rc8 27. g3 Rc4
28. Kd3 h5 29. Nc2 Ra8 30. Ra6 Nac8 31. Rba1 Rxa6 32. bxa6+ Ka8 33. Bg5 Bf8 34.
Bd8 Nd7 35. Rb1 Nb8 36. Rb7 Nxa6 37. Rxf7 Bb4 38. Na2 Na7 39. Naxb4 Nxb4+ 40.
Nxb4 Rxb4 41. Bg5 Nc6 42. Be3 Rb3+ 43. Ke2 Rb6 44. Rg7 1-0

[Event "Condigne Dutch Open 2016"]
[Site "dieren"]
[Date "2016.08.02"]
[Round "7"]
[White "Hausrath, Daniel"]
[Black "Heemskerk, Wim"]
[Result "1/2-1/2"]
[ECO "A50"]
[WhiteElo "2483"]
[BlackElo "2201"]
[PlyCount "135"]
[EventDate "2016.07.27"]
[EventCountry "NED"]
[TimeControl "6000+1615"]
[WhiteClock "0:02:24"]
[BlackClock "0:04:47"]

1. Nf3 Nf6 2. g3 b6 3. Bg2 Bb7 4. O-O g6 5. c4 Bg7 6. d4 O-O 7. d5 Na6 8. Nc3
Nc5 9. Nd4 e5 10. Nc2 a5 11. d6 Bxg2 12. dxc7 Qxc7 13. Kxg2 b5 14. Bg5 Nce4 15.
Bxf6 Nxc3 16. bxc3 Bxf6 17. cxb5 Qb7+ 18. Kg1 d5 19. a4 Rac8 20. Qd2 Rfd8 21.
Rfd1 h5 22. h4 Bg7 23. Rab1 Kh7 24. b6 Bh6 25. e3 Rc5 26. Qd3 Rdc8 27. Rb3 Bg7
28. Qd2 f5 29. Ne1 e4 30. Ng2 Bxc3 31. Qe2 Be5 32. Rb5 R8c6 33. Rxd5 Rxd5 34.
Rxd5 Rc1+ 35. Rd1 Rxd1+ 36. Qxd1 Qxb6 37. Qd7+ Kh6 38. Qd5 Qc7 39. Kh2 Kh7 40.
Ne1 Qc3 41. Ng2 Qc7 42. Qb5 Qc3 43. Qd7+ Kg8 44. Qe8+ Kg7 45. Qe7+ Kg8 46. Qd7
Qc5 47. Nf4 Bxf4 48. gxf4 Qb4 49. Kg2 Qb6 50. Qe7 Qa6 51. Qe8+ Kg7 52. Qd7+ Kg8
53. Qb5 Qa7 54. Qc6 Kg7 55. Kf1 Kh7 56. Kg2 Qe7 57. Kg3 Qb4 58. Qd7+ Kg8 59.
Qb5 Qe1 60. Kg2 Qd1 61. Qe8+ Kg7 62. Qe7+ Kg8 63. Qf6 Qf3+ 64. Kg1 Qg4+ 65. Kh2
Kh7 66. Qf7+ Kh8 67. Qf8+ Kh7 68. Qf7+ 1/2-1/2

[Event "Condigne Dutch Open 2016"]
[Site "dieren"]
[Date "2016.08.02"]
[Round "7"]
[White "Zwirs, Nico"]
[Black "Kiremitciyan, Ari"]
[Result "1-0"]
[ECO "B90"]
[WhiteElo "2374"]
[BlackElo "2071"]
[PlyCount "73"]
[EventDate "2016.07.27"]
[EventCountry "NED"]
[TimeControl "6000+1295"]
[WhiteClock "0:04:21"]
[BlackClock "0:00:33"]

1. e4 c5 2. Nf3 d6 3. d4 cxd4 4. Nxd4 Nf6 5. Nc3 a6 6. f3 e5 7. Nb3 Be6 8. Be3
Be7 9. Qd2 Nbd7 10. g4 b5 11. O-O-O O-O 12. g5 b4 13. Ne2 Ne8 14. f4 a5 15. f5
a4 16. Nbd4 exd4 17. Nxd4 b3 18. Kb1 bxc2+ 19. Nxc2 Bb3 20. axb3 axb3 21. Na3
Ne5 22. h4 Ra4 23. f6 gxf6 24. Qg2 Kh8 25. Bb5 Ra5 26. Bd2 Ra8 27. Bc3 Qc8 28.
Rc1 Qg4 29. Qxg4 Nxg4 30. Rcf1 Ne5 31. Nc4 fxg5 32. hxg5 Ng7 33. Bxe5 dxe5 34.
Nxe5 Kg8 35. Bc4 Ne6 36. Rxf7 Rxf7 37. Bxe6 1-0

[Event "Condigne Dutch Open 2016"]
[Site "dieren"]
[Date "2016.08.03"]
[Round "8"]
[White "Horvath, Csaba"]
[Black "Sandipan, Chanda"]
[Result "1/2-1/2"]
[ECO "D11"]
[WhiteElo "2520"]
[BlackElo "2568"]
[PlyCount "27"]
[EventDate "2016.07.27"]
[EventCountry "NED"]
[TimeControl "6000+580"]
[WhiteClock "1:11:08"]
[BlackClock "1:22:59"]

1. Nf3 d5 2. d4 Nf6 3. c4 c6 4. Nbd2 Bf5 5. Nh4 e6 6. Nxf5 exf5 7. Qb3 Qb6 8.
e3 Nbd7 9. Bd3 g6 10. O-O Be7 11. Nf3 O-O 12. Bd2 Ne4 13. Be1 Qxb3 14. axb3
1/2-1/2

[Event "Condigne Dutch Open 2016"]
[Site "dieren"]
[Date "2016.08.03"]
[Round "8"]
[White "Beerdsen, Thomas"]
[Black "L'Ami, Erwin"]
[Result "1/2-1/2"]
[ECO "C07"]
[WhiteElo "2414"]
[BlackElo "2606"]
[PlyCount "102"]
[EventDate "2016.07.27"]
[EventCountry "NED"]
[TimeControl "6000+695"]
[WhiteClock "0:26:24"]
[BlackClock "0:11:46"]

1. e4 e6 2. d4 d5 3. Nd2 c5 4. Ngf3 cxd4 5. Nxd4 Nf6 6. exd5 Nxd5 7. N2f3 Be7
8. Be2 O-O 9. O-O Nc6 10. Nxc6 bxc6 11. c4 Nf6 12. Qxd8 Rxd8 13. Ne5 Bb7 14.
Bf3 Rac8 15. Bf4 Nd7 16. Rfd1 Nxe5 17. Bxe5 Ba6 18. b3 c5 19. Kf1 Kf8 20. Ke2
f6 21. Bf4 g5 22. Be3 f5 23. g3 Kf7 24. Rxd8 Rxd8 25. Rd1 Rxd1 26. Kxd1 Kf6 27.
Bc6 e5 28. f4 exf4 29. gxf4 g4 30. Bd5 Bd6 31. Ke2 Bc8 32. Bd2 h5 33. Ke3 h4
34. Be1 h3 35. Bh4+ Kg7 36. Bg3 Bd7 37. Kd3 Kf8 38. Kc3 Ke7 39. a3 Kd8 40. b4
a5 41. b5 a4 42. Kc2 Kc7 43. Kc3 Be7 44. Kc2 Kd6 45. Bf7 Bf6 46. Kb1 Bc8 47.
Bd5 Bd7 48. Bf7 Be6 49. Bxe6 Kxe6 50. Kc2 Bd8 51. Kd3 Kd6 1/2-1/2

[Event "Condigne Dutch Open 2016"]
[Site "dieren"]
[Date "2016.08.03"]
[Round "8"]
[White "Pruijssers, Roeland"]
[Black "Khenkin, Igor"]
[Result "0-1"]
[ECO "B19"]
[WhiteElo "2463"]
[BlackElo "2553"]
[PlyCount "75"]
[EventDate "2016.07.27"]
[EventCountry "NED"]
[TimeControl "6000+1540"]
[WhiteClock "0:00:49"]
[BlackClock "0:01:36"]

1. e4 c6 2. d4 d5 3. Nc3 dxe4 4. Nxe4 Bf5 5. Ng3 Bg6 6. h4 h6 7. Nf3 Nd7 8. h5
Bh7 9. Bd3 Bxd3 10. Qxd3 e6 11. Bd2 Ngf6 12. O-O-O Be7 13. Kb1 Qb6 14. Rhe1 O-O
15. Nf5 exf5 16. Rxe7 Qd8 17. Re2 Ne4 18. g3 Re8 19. Nh4 Ndf6 20. Bc1 Qa5 21.
c4 Rad8 22. Ka1 b5 23. c5 Re6 24. Qc2 Rd5 25. Ng2 Rd7 26. Nf4 Ree7 27. f3 Nxg3
28. Rg2 Nfxh5 29. d5 Re1 30. d6 Rxd1 31. Qxd1 Qb4 32. Nxh5 Nxh5 33. Qc2 Qc4 34.
Qxc4 bxc4 35. Bxh6 f6 36. Rh2 g6 37. Rh4 Kf7 38. Bc1 0-1

[Event "Condigne Dutch Open 2016"]
[Site "dieren"]
[Date "2016.08.03"]
[Round "8"]
[White "Sagar, Shah"]
[Black "Ikonnikov, Vyacheslav"]
[Result "0-1"]
[ECO "E62"]
[WhiteElo "2433"]
[BlackElo "2538"]
[PlyCount "110"]
[EventDate "2016.07.27"]
[EventCountry "NED"]
[TimeControl "6000+820"]
[WhiteClock "0:06:14"]
[BlackClock "0:19:22"]

1. d4 g6 2. Nf3 Bg7 3. c4 d6 4. g3 Nf6 5. Bg2 a6 6. Nc3 c6 7. e4 O-O 8. O-O Bg4
9. c5 dxc5 10. dxc5 Qxd1 11. Rxd1 Nfd7 12. h3 Bxf3 13. Bxf3 Nxc5 14. Be3 Nbd7
15. Rac1 Rfd8 16. b4 Ne5 17. Bxc5 Nxf3+ 18. Kg2 Bxc3 19. Kxf3 Rxd1 20. Rxd1 a5
21. a3 axb4 22. axb4 e6 23. Rd7 b5 24. Rc7 Ra6 25. Ke3 g5 26. f4 gxf4+ 27. Kxf4
Kg7 28. g4 h6 29. h4 e5+ 30. Kf3 Ra3 31. Kf2 Rb3 32. Rxc6 Bxb4 33. Bxb4 Rxb4
34. Kf3 Rb3+ 35. Kf2 b4 36. Rc5 f6 37. h5 Rb1 38. Rc7+ Kf8 39. Rb7 b3 40. Ke2
Ke8 41. Kd2 b2 42. Kc2 Re1 43. Kxb2 Rxe4 44. Rg7 Kf8 45. Rg6 Kf7 46. Kc2 Rd4
47. Kc3 Rd8 48. Rxh6 Rg8 49. Rh7+ Ke6 50. Kc4 Rxg4+ 51. Kc5 Rg1 52. Kc4 Rc1+
53. Kd3 Kf5 54. Rh8 Rh1 55. Ke3 Rh4 0-1

[Event "Condigne Dutch Open 2016"]
[Site "dieren"]
[Date "2016.08.03"]
[Round "8"]
[White "Reinderman, Dimitri"]
[Black "Maatman, Nick"]
[Result "1-0"]
[ECO "C00"]
[WhiteElo "2584"]
[BlackElo "2314"]
[PlyCount "57"]
[EventDate "2016.07.27"]
[EventCountry "NED"]
[TimeControl "6000+1495"]
[WhiteClock "0:10:29"]
[BlackClock "0:01:47"]

1. e4 e6 2. f4 d5 3. e5 c5 4. Nf3 Nc6 5. c3 Nh6 6. Na3 Nf5 7. Nc2 Be7 8. Bd3
Qb6 9. Ne3 Nxe3 10. dxe3 Bd7 11. O-O f6 12. exf6 gxf6 13. Kh1 O-O-O 14. b4 cxb4
15. cxb4 Bxb4 16. Rb1 Qc7 17. Qa4 Bc5 18. Bb5 Rhg8 19. Rf2 Kb8 20. Rc2 Bb6 21.
Ba3 Rc8 22. Be7 Bxe3 23. Qa3 Bxf4 24. g3 Ka8 25. gxf4 Qxf4 26. Bc5 Qc7 27. Bxc6
bxc6 28. Bd6 Qd8 29. Rcb2 1-0

[Event "Condigne Dutch Open 2016"]
[Site "dieren"]
[Date "2016.08.03"]
[Round "8"]
[White "Debashis, Das"]
[Black "Zwirs, Nico"]
[Result "1/2-1/2"]
[ECO "E92"]
[WhiteElo "2451"]
[BlackElo "2374"]
[PlyCount "47"]
[EventDate "2016.07.27"]
[EventCountry "NED"]
[TimeControl "6000+1040"]
[WhiteClock "0:46:04"]
[BlackClock "0:22:18"]

1. d4 Nf6 2. c4 g6 3. Nc3 Bg7 4. e4 d6 5. Be2 O-O 6. Be3 e5 7. d5 a5 8. Nf3 Na6
9. Nd2 Nd7 10. O-O f5 11. f3 Nf6 12. a3 Bd7 13. Rb1 Nc5 14. b4 axb4 15. axb4
Na4 16. Rb3 Nh5 17. Re1 Bf6 18. Bf2 Bh4 19. g3 Bg5 20. exf5 Nxc3 21. Rxc3 Ra2
22. Ne4 gxf5 23. Nxg5 Qxg5 24. Qb1 1/2-1/2

[Event "Condigne Dutch Open 2016"]
[Site "dieren"]
[Date "2016.08.03"]
[Round "8"]
[White "Gerlagh, Joris"]
[Black "De Jong, Migchiel"]
[Result "1/2-1/2"]
[ECO "B42"]
[WhiteElo "2172"]
[BlackElo "2342"]
[PlyCount "67"]
[EventDate "2016.07.27"]
[EventCountry "NED"]
[TimeControl "6000+1885"]
[WhiteClock "0:03:54"]
[BlackClock "1:00:14"]

1. d4 e6 2. Nf3 c5 3. e4 cxd4 4. Nxd4 a6 5. Bd3 Nf6 6. O-O e5 7. Bg5 h6 8. Bxf6
Qxf6 9. Nf5 g6 10. Ne3 Bc5 11. Nc3 Nc6 12. Ncd5 Qd8 13. c3 d6 14. b4 Ba7 15. a4
Be6 16. b5 Ne7 17. bxa6 Bxd5 18. Nxd5 bxa6 19. Bxa6 O-O 20. Bb7 Rb8 21. Rb1
Nxd5 22. Qxd5 Bc5 23. Rb5 Kh7 24. a5 Ba7 25. a6 f5 26. Qd3 fxe4 27. Bxe4 Rxb5
28. Qxb5 Qf6 29. Kh1 Rf7 30. Bd5 Rc7 31. c4 Re7 32. Qb3 e4 33. Qd1 Bxf2 34. a7
1/2-1/2

[Event "Condigne Dutch Open 2016"]
[Site "dieren"]
[Date "2016.08.03"]
[Round "8"]
[White "Geurink, Jasper"]
[Black "Beukema, Stefan"]
[Result "1/2-1/2"]
[ECO "C54"]
[WhiteElo "2359"]
[BlackElo "2355"]
[PlyCount "42"]
[EventDate "2016.07.27"]
[EventCountry "NED"]
[TimeControl "6000+1265"]
[WhiteClock "0:31:51"]
[BlackClock "0:23:44"]

1. e4 e5 2. Nf3 Nc6 3. Bc4 Bc5 4. c3 Nf6 5. d3 a6 6. Bb3 Ba7 7. h3 d6 8. Nbd2
h6 9. Nc4 Be6 10. Qe2 Qd7 11. Bc2 O-O-O 12. a4 g5 13. Be3 Bxe3 14. fxe3 Bxc4
15. dxc4 Ne7 16. Nd2 h5 17. g3 c5 18. O-O-O Nc6 19. b3 Ne8 20. Kb2 f6 21. Rdf1
Rh6 1/2-1/2

[Event "Condigne Dutch Open 2016"]
[Site "dieren"]
[Date "2016.08.03"]
[Round "8"]
[White "Evengroen, Henk-Jan"]
[Black "Hausrath, Daniel"]
[Result "0-1"]
[ECO "A40"]
[WhiteElo "2179"]
[BlackElo "2483"]
[PlyCount "42"]
[EventDate "2016.07.27"]
[EventCountry "NED"]
[TimeControl "6000+1200"]
[WhiteClock "0:07:19"]
[BlackClock "0:23:10"]

1. d4 g6 2. c4 Bg7 3. Nc3 c5 4. d5 f5 5. e4 Bxc3+ 6. bxc3 fxe4 7. h4 d6 8. h5
Qa5 9. Bd2 gxh5 10. Qxh5+ Kd8 11. Rh4 Nf6 12. Qh6 Rg8 13. f3 Bf5 14. Rf4 Bg6
15. fxe4 Nbd7 16. Qh4 Qa3 17. g3 Kc7 18. Bh3 Qb2 19. Rc1 Ne5 20. Bf1 Rae8 21.
Nh3 Nxe4 0-1